 Dungeon Crawl Stone Soup version 0.32-a0-41-gec2d92a32c (webtiles) character file.

Game seed: 12605303205447521906

10340 lDtest the Toxicologist (level 11, -4/63 HPs)
             Began as an Octopode Summoner on Jan 26, 2024.
             Was an Initiate of Gozag.
             Slain by a vampire
             ... wielding a +0 falchion
              (13 damage)
             ... on level 10 of the Dungeon.
             The game lasted 00:28:55 (12269 turns).

lDtest the Toxicologist (Octopode Summoner)        Turns: 12269, Time: 00:28:56

Health: -4/63      AC:  1    Str:  8    XL:     11   Next: 60%
Magic:  18/20      EV: 13    Int: 22    God:    Gozag
Gold:   2370       SH: 11    Dex: 22    Spells: 5/22 levels left

rFire   . . .        s - staff of Nyiwno {rPois rCorr Dex+4 Alchemy}
rCold   . . .        x - +0 buckler
rNeg    . . .        (helmet restricted)
rPois   +            o - amulet of reflection
rElec   .            m - +6 ring of dexterity
rCorr   +            v - ring of resist corrosion
SInv    .            w - ring of poison resistance
Will    .....        (no ring)
Stlth   ++++         (no ring)
HPRegen 0.30/turn    (no ring)
MPRegen 0.17/turn    (no ring)
                     (no ring)

%: reflection
@: no status effects
A: almost no armour, amphibious, 8 rings, camouflage 1, gelatinous body 1,
(nimble swimmer 1), tentacles
a: Renounce Religion, Potion Petition, Call Merchant, Bribe Branch


You were on level 10 of the Dungeon.
You worshipped Gozag.
Gozag was most pleased with you.
You visited 2 branches of the dungeon, and saw 11 of its levels.
You also visited: Bailey.

You collected 2489 gold pieces.
You paid 119 gold pieces to Gozag.

Inventory:

Missiles
 I - 30 boomerangs
Armour
 x - a +0 buckler (worn)
Magical Staves
 s - the staff of Nyiwno (weapon) {rPois rCorr Dex+4 Alchemy}
   (You found it on level 5 of the Dungeon)

   [staff of alchemy]

   Base accuracy: +5 Base damage: 5 Base attack delay: 1.2 This weapon's minimum
   attack delay (0.6) is reached at skill level 12.
   Dex+4:     It affects your dexterity (+4).
   rPois:     It protects you from poison rCorr: It protects you from acid and
   corrosion.
   Alchemy:   It increases the power of your Alchemy spells.
   It falls into the 'Staves' category.
   It is a one-tentacled weapon.
 N - a staff of fire
Jewellery
 m - a +6 ring of dexterity (left tentacle)
 o - an amulet of reflection (around mantle)
 v - a ring of resist corrosion (right tentacle)
 w - a ring of poison resistance (on tentacle)
 K - a +4 ring of protection
Talismans
 F - a serpent talisman
Wands
 p - a wand of roots (12)
 r - a wand of mindburst (24)
 z - a wand of light (14)
 B - a wand of flame (13)
 E - a wand of digging (4)
 J - a wand of paralysis (6)
 P - a wand of polymorph (3)
Scrolls
 b - 3 scrolls of teleportation
 d - a scroll of enchant weapon {unknown}
 g - a scroll of silence {unknown}
 h - a scroll of identify
 j - 2 scrolls of immolation {unknown}
 l - 2 scrolls of fear {unknown}
 t - 2 scrolls of poison {unknown}
 y - a scroll of fog {unknown}
 A - 2 scrolls of blinking {unknown}
 G - 2 scrolls of vulnerability {unknown}
 L - a scroll of noise {unknown}
Potions
 a - a potion of magic
 c - a potion of invisibility {unknown}
 e - 3 potions of brilliance
 f - a potion of degeneration {unknown}
 i - 4 potions of enlightenment
 k - 3 potions of ambrosia
 n - a potion of cancellation {unknown}
 q - 3 potions of curing
 u - a potion of attraction {unknown}
 C - 3 potions of might {unknown}
 D - a potion of mutation {unknown}
 O - a potion of lignification {unknown}
Miscellaneous
 H - a phial of floods
 M - a condenser vane
 Q - a lightning rod (4/4)


   Skills:
 - Level 1.4 Fighting
 - Level 2.0 Dodging
 - Level 2.6 Stealth
 - Level 3.2 Shields
 - Level 6.0 Spellcasting
 * Level 9.0 Conjurations
 - Level 8.0 Summonings
 - Level 8.0 Air Magic
 * Level 9.7 Alchemy


You had 5 spell levels left.
You knew the following spells:

 Your Spells              Type           Power      Damage    Failure   Level
a - Call Imp              Summ           82%        N/A       1%          2
b - Call Canine Familiar  Summ           41%        N/A       1%          3
d - Summon Lightning Spi  Summ/Air       41%        N/A       4%          4
e - Irradiate             Conj/Alch      32%        3d22      9%          5
i - Blink                 Tloc           12%        N/A       21%         2
z - Summon Small Mammal   Summ           100%       N/A       1%          1

Your spell library contained the following spells:

 Spells                   Type           Power      Damage    Failure   Level
 Magic Dart               Conj           100%       1d8       1%          1
 Sting                    Conj/Alch      100%       1d9       1%          1
 Mercury Vapours          Alch/Air       100%       N/A       1%          2
 Swiftness                Air            41%        N/A       1%          3
 Olgreb's Toxic Radiance  Alch           65%        N/A       2%          4
 Petrify                  Alch/Erth      42%        N/A       19%         4
 Ensorcelled Hibernation  Hex/Ice        12%        N/A       21%         2
 Sublimation of Blood     Necr           6%         N/A       21%         2
 Summon Blazeheart Golem  Fire/Summ      24%        N/A       26%         4
 Passwall                 Erth           6%         N/A       38%         3
 Borgnjor's Vile Clutch   Necr/Erth      3%         N/A       98%         5
 Death Channel            Necr           3%         N/A       100%        6
 Fire Storm               Conj/Fire      13%        8d3       100%        9
 Animate Armour           Summ/Erth      Unusable   N/A       N/A         4
 Animate Dead             Necr           Unusable   N/A       N/A         4

Dungeon Overview and Level Annotations

Branches:
Dungeon (10/15)            Temple (1/1) D:5             Orc (0/2) D:10
 Bailey (visited)
   Lair: D:8-11

Altars:
Ashenzari
Cheibriados
Dithmenos
Elyvilon
Fedhas
Gozag
Hepliaklqana
Makhleb
Nemelex Xobeh
Okawaru
Ru
Sif Muna
Trog
Uskayaw
Vehumet
Wu Jian
Xom
Yredelemnul
Zin
The Shining One
Lugonu

Shops:
D:9 (

Annotations:
D:2 1 runed translucent door, Crazy Yiuf
D:7 1 runed translucent door, AceOff's ghost, novice FoFi


Innate Abilities, Weirdness & Mutations

You cannot wear most types of armour.
You are amphibious.
You can wear up to eight rings at the same time.
Your skin changes colour to match your surroundings (Stealth+).
Your rubbery body absorbs attacks. (AC +1, EV +1)
((You are camouflaged when in or above water. (Stealth+)))
You have tentacles for arms and can constrict up to eight enemies at once.


Message History

Things that are here:
21 gold pieces; 2 large rocks; a potion of brilliance Unknown command.
Unknown command.
The vampire casts a spell at you.
You are confused.
Your lightning spire shoots out a bolt of lightning at the vampire!
The bolt of electricity hits the vampire!
Unknown command.
Unknown command.
Unknown command.
The vampire hits you with a +0 falchion!
The vampire closely misses you.
Your lightning spire shoots out a bolt of lightning at the vampire!
The bolt of electricity hits the vampire! x2
The bolt of electricity hits your lightning spire.
Your lightning spire completely resists.
Unknown command.
The vampire hits your lightning spire with a +0 falchion!
The vampire bites your lightning spire but does no damage.
Unknown command.
The vampire gestures wildly while chanting.
The vampire flickers and vanishes!
Deactivating autopickup; reactivate with Ctrl-A.
Unknown command.
You feel less confused. Something hits your lightning spire.
Something bites your lightning spire.
Unknown command.
You closely miss something. Something hits you! Something bites you!
* * * LOW HITPOINT WARNING * * *
Something draws strength from your injuries!
Something hits you.
* * * LOW HITPOINT WARNING * * *
You block something's attack.
Unknown command.
You feel better. Something hits you.
* * * LOW HITPOINT WARNING * * *
Something bites you!
You die...
Your body crumbles into a pile of gold.

#....##?####### .....
#....#... ###<.
...### ### ###.# #..
...## ... ...
...####.. ##.. #
#.###.# #....... #..
#. ..... .# #.....
#.. #.# ###.#####.#
.##<. ...#(....#...#
#... #.#@###.#.#...#
#..# #.8{#
#...#######..#
#.#$###(#.#...#...##
...#...$)#...#.#.#...
#.#
###.#####.#.#.##.. #.
#.....# ..#.#.###. #
#.###.#.###....#..
... ...#...#..### ###
#.####.###.## #


You could see a friendly lightning spire (summoned).

Vanquished Creatures
  A water moccasin (D:5)
  A bombardier beetle (D:3)
  An orc priest (D:10)
  An orc wizard (D:9)
  2 adders (D:5)
  An adder zombie (D:3)
  A ribbon worm (D:4)
  An orc (D:4)
  4 endoplasms
  A giant cockroach (D:3)
  2 goblins
  A hobgoblin (D:2)
  3 jackals (D:5)
  2 quokkas (D:3)
  3 ball pythons
  2 frilled lizards
  A kobold (D:2)
  A rat (D:2)
29 creatures vanquished.

Vanquished Creatures (collateral kills)
  A centaur warrior (D:9)
  A two-headed ogre (D:10)
  An orc knight (Bailey)
  A cyclops (D:10)
  A manticore (D:10)
  Jeremiah (D:6)
  3 trolls (D:10)
  2 wraiths
  2 wyverns (D:9)
  Eustachio (D:6)
  11 yaks (D:9)
  A vampire mosquito (D:10)
  A steam dragon (D:8)
  An acid dragon (D:9)
  A water moccasin (D:5)
  Pargi (D:3)
  11 orc warriors
  An ice beast (D:6)
  A black bear (D:5)
  3 ogres
  6 centaurs
  A phantom (D:5)
  5 bullfrogs
  A kobold brigand (D:6)
  4 scorpions (D:6)
  8 wights
  5 killer bees (D:8)
  A howler monkey (D:8)
  A jelly (D:7)
  A gnoll bouda (D:7)
  A hound (D:6)
  7 orc priests
  3 iguanas
  2 orc wizards
  A howler monkey zombie (D:3)
  12 gnolls
  7 adders
  A shadow imp (D:6)
  A white imp (D:6)
  2 nameless horrors
  A ribbon worm (D:7)
  42 orcs
  2 ball pythons
  2 bats (D:1)
  8 endoplasms
  2 giant cockroaches
  11 goblins
  6 hobgoblins
  4 jackals
  A quokka (D:2)
  A ball python zombie (D:3)
  2 frilled lizards (D:1)
  20 kobolds
  3 rats
221 creatures vanquished.

Grand Total: 250 creatures vanquished

Notes
Turn   | Place    | Note
-------+----------+-------------------------------------------
     0 | D:1      | lDtest the Octopode Summoner began the quest for the Orb.
     0 | D:1      | Reached XP level 1. HP: 11/11 MP: 3/3
    47 | D:1      | Found a basalt altar of Yredelemnul.
   350 | D:1      | Reached XP level 2. HP: 17/17 MP: 2/5
   353 | D:1      | Learned a level 2 spell: Call Imp
  1133 | D:2      | Reached XP level 3. HP: 21/21 MP: 3/7
  1155 | D:2      | Learned a level 3 spell: Call Canine Familiar
  1594 | D:2      | Reached XP level 4. HP: 27/27 MP: 3/8
  1641 | D:2      | Found a faded altar of an unknown god.
  1878 | D:2      | Found a runed translucent door.
  1879 | D:2      | Noticed Crazy Yiuf
  2152 | D:3      | Reached skill level 5 in Summonings
  2177 | D:3      | Found a basalt altar of Yredelemnul.
  2334 | D:3      | Noticed Pargi
  2350 | D:3      | Killed Pargi
  2351 | D:3      | Reached XP level 5. HP: 31/31 MP: 2/10
  2531 | D:3      | Learned a level 4 spell: Summon Lightning Spire
  3223 | D:4      | Reached XP level 6. HP: 36/36 MP: 6/11
  3404 | D:4      | Reached skill level 1 in Air Magic
  4121 | D:4      | Found a shadowy altar of Dithmenos.
  4255 | D:5      | Entered Level 5 of the Dungeon
  4276 | D:5      | Reached XP level 7. HP: 41/41 MP: 6/13
  4499 | D:5      | Identified the staff of Nyiwno {rPois rCorr Dex+4 Alchemy}
  4536 | D:5      | Reached skill level 5 in Air Magic
  4935 | D:5      | Found a sacrificial altar of Ru.
  4993 | D:5      | Reached XP level 8. HP: 43/46 MP: 1/14
  5221 | D:5      | Found a staircase to the Ecumenical Temple.
  5240 | Temple   | Entered the Ecumenical Temple
  5417 | D:5      | Found a glowing golden altar of the Shining One.
  5638 | D:6      | Noticed Jeremiah
  5647 | D:6      | Killed Jeremiah
  5704 | D:6      | Found a hide-covered altar of Uskayaw.
  5797 | D:6      | Noticed Eustachio
  5817 | D:6      | Killed Eustachio
  5965 | D:6      | Learned a level 2 spell: Blink
  5989 | D:6      | Reached XP level 9. HP: 50/51 MP: 6/15
  6272 | D:6      | Reached skill level 5 in Spellcasting
  6272 | D:6      | Reached skill level 1 in Fighting
  6704 | D:6      | Found a white marble altar of Elyvilon.
  6919 | D:7      | Reached skill level 1 in Shields
  6967 | D:7      | Found a runed translucent door.
  7135 | D:7      | Noticed AceOff's ghost (novice FoFi)
  7564 | D:7      | Learned a level 5 spell: Irradiate
  7637 | D:7      | Found a snail-covered altar of Cheibriados.
  7699 | D:8      | Found a sparkling altar of Nemelex Xobeh.
  7710 | D:8      | Reached skill level 1 in Alchemy
  7711 | D:8      | Reached skill level 1 in Conjurations
  7730 | D:8      | Found a shimmering blue altar of Sif Muna.
  7732 | D:8      | Found an opulent altar of Gozag.
  7734 | D:8      | Found a bloodstained altar of Trog.
  7740 | D:8      | Became a worshipper of Gozag Ym Sagoz the Greedy
  8401 | D:8      | Reached XP level 10. HP: 59/59 MP: 15/19
  9156 | D:9      | Found a flagged portal.
  9165 | D:9      | Noticed a centaur warrior
  9181 | D:9      | Killed a centaur warrior
  9182 | D:9      | Reached skill level 5 in Alchemy
  9183 | D:9      | Reached skill level 5 in Conjurations
  9214 | Bailey   | Entered a bailey
  9316 | Bailey   | Noticed an orc knight
  9493 | Bailey   | Killed an orc knight
 10395 | D:9      | Reached XP level 11. HP: 63/63 MP: 14/20
 10961 | D:9      | Found Asorin's Antique Weapon Emporium.
 11356 | D:10     | Entered Level 10 of the Dungeon
 11356 | D:10     | Noticed a two-headed ogre
 11371 | D:10     | Killed a two-headed ogre
 11458 | D:10     | Found a staircase to the Orcish Mines.
 11841 | D:10     | Found a hazy altar of Hepliaklqana.
 11877 | D:10     | Noticed a manticore
 11893 | D:10     | Killed a manticore
 11941 | D:10     | Noticed a cyan ugly thing
 11945 | D:10     | HP: 3/63 [something (13)]
 12146 | D:10     | Noticed a cyclops
 12149 | D:10     | Got the Compendium of Sidekicks and Fire
 12153 | D:10     | Killed a cyclops
 12269 | D:10     | Slain by a vampire

Illustrated notes

Levels and vault maps discovered:
D:1:      dpeg_arrival_water_altar, layout_loops_cross
D:2:      layout_basic, hellmonk_ecumenical_altar_lost_god,
          minmay_misc_feat_roman, uniq_crazy_yiuf_cottage
D:3:      layout_basic, nicolae_yredelemnul_corpse_copse, minivault_23,
          hex_medium, uniq_pargi
D:4:      layout_loops_cross, nicolae_dithmenos_the_darkroom,
          nicolae_houndstooth_variations
D:5:      layout_gridville, mainiacjoe_overflow_24_doors,
          nicolae_ru_sacrificial_ziggurat, temple_fountains, serial_glass,
          glass_columns_b, glass_columns_a, glass_columns_b, glass_columns_c,
          glass_columns_b, glass_columns_c, glass_columns_b, glass_columns_b
D:6:      layout_basic, kennysheep_mini_moat,
          nicolae_uskayaw_murder_on_the_dancefloor, uniq_eustachio,
          uniq_jeremiah
D:7:      layout_loops_cross, slow_altar_2, gammafunk_ghost_grave
D:8:      layout_basic, minitemple
D:9:      minmay_the_grid_square_5x5_3x3
          [minmay_the_grid_square_5x5_sharp_hourglass,
          minmay_the_grid_square_5x5_moneybag,
          minmay_the_grid_square_5x5_shrine1,
          minmay_the_grid_square_5x5_shrine2,
          minmay_the_grid_square_5x5_megaprize_hollow,
          minmay_the_grid_square_5x5_longway,
          minmay_the_grid_square_5x5_tri_point,
          minmay_the_grid_square_5x5_seven, minmay_the_grid_square_5x5_corner],
          layout_basic, serial_shops, kennysheep_little_box,
          lightli_bailey_entry_fortress
D:10:     layout_cave_pools, grunt_qazlal_clouds, mainiacjoe_overflow_alcove_4,
          kiku_gazebo_garden_becter, orc_0_dummy, special_room
          [special_room_orc], nicolae_doodle_vault
Temple:   corrupted_temple

Skill      XL: |  1  2  3  4  5  6  7  8  9 10 11 |
---------------+----------------------------------+-----
Spellcasting   | 3 4 6 |  6.0
Summonings     | 5 6 8 |  8.0
Air Magic      | 3 6 8 |  8.0
Fighting       | 1 |  1.4
Shields        | 3 |  3.2
Alchemy        | 3 7 9 |  9.7
Conjurations   | 3 7 9 |  9.0
Dodging        | |  2.0
Stealth        | |  2.6

Action                     |  1- 3 |  4- 6 |  7- 9 | 10-12 || total
---------------------------+-------+-------+-------+-------++-------
  Melee: Unarmed           |     3 |       |       |       ||     3
         Dagger            |    17 |    17 |       |       ||    34
         Constrict         |     1 |     8 |    11 |       ||    20
         Tentacles         |       |     2 |     6 |       ||     8
         Flail             |       |     3 |     2 |       ||     5
         Staff             |       |       |    19 |     7 ||    26
   Cast: Summon Small Mamm |    46 |    13 |     6 |     1 ||    66
         Call Imp          |     7 |    10 |    16 |     1 ||    34
         Call Canine Famil |       |    15 |    24 |    10 ||    49
         Summon Lightning  |       |       |    27 |    53 ||    80
         Blink             |       |       |       |     1 ||     1
  Evoke: Wand              |       |       |       |     2 ||     2
    Use: Scroll            |       |     1 |       |     5 ||     6
         Potion            |       |       |     2 |     4 ||     6
   Stab: Distracted        |     1 |     1 |     1 |       ||     3
         Sleeping          |     3 |     5 |       |       ||     8
 Armour: Skin              |    11 |    10 |    46 |    42 ||   109
  Dodge: Dodged            |    16 |    25 |    50 |    27 ||   118
  Block: Other             |       |     4 |    12 |       ||    16
         Reflection        |       |       |     4 |    21 ||    25
         Buckler           |       |       |     7 |    49 ||    56

Table legend: (Time is in decaauts)
 A = Elapsed time spent in this place.
 B = Non-inter-level travel time spent in this place.
 C = Inter-level travel time spent in this place.
 D = Time resting spent in this place.
 E = Time spent auto-exploring this place.
 F = Levels seen in this place.
 G = Mean time per level.
                   A        B        C        D        E       F      G
               +--------+--------+--------+--------+--------+-----+--------+
         Total |  12282 |  11957 |    325 |    317 |   9090 |  12 | 1023.5 |
       Dungeon |  11455 |  11130 |    325 |    317 |   8549 |  10 | 1145.5 |
        Temple |     28 |     28 |      0 |      0 |      4 |   1 |   28.0 |
        Bailey |    797 |    797 |      0 |      0 |    537 |   1 |  797.0 |
               +--------+--------+--------+--------+--------+-----+--------+

Top non-repeatable levels by time:
     D:9: 1641 daAuts
     D:5: 1439 daAuts
     D:8: 1379 daAuts
     D:3: 1169 daAuts
     D:1: 1108 daAuts
     D:4: 1044 daAuts
     D:6: 1034 daAuts
     D:7: 1021 daAuts
     D:2: 931 daAuts
  Bailey: 797 daAuts
    D:10: 686 daAuts
  Temple: 28 daAuts
